Map: Emerald City LE

Players

qqq

  • Race: Zerg Zerg
  • League: Platinum
  • Spawn Location: 11:00

Massa

  • Race: Terran Terran
  • League: Platinum
  • Spawn Location: 11:00

XyLiGAniK - Winner!

  • Race: Terran Terran
  • League: Silver
  • Spawn Location: 5:00

CmeTanKa - Winner!

  • Race: Terran Terran
  • League: Master
  • Spawn Location: 5:00

VOD

Have the link to the VOD?

Description

Time

  • Played on: Nov. 29, 2020, 5:12 a.m.
  • Length: 22:51
Show
View Real Time Build Order
Export as new Build Order

qqq Zerg 

Build Orders: Hatch First, Brood Lord Corruptor 

Get SALT Encoding   

  12  0:02  Drone  
  13  0:09  Drone  
  14  0:27  Overlord  
  14  0:49  Drone  
  15  0:51  Drone  
  16  0:57  Hatchery  
  15  1:07  Drone x2  
  17  1:13  Drone  
  18  1:25  Drone  
  19  1:35  Drone  
  20  1:40  Spawning Pool  
  20  1:41  Extractor  
  18  1:49  Drone  
  19  1:57  Drone  
  20  2:06  Drone  
  21  2:13  Drone  
  22  2:22  Overlord  
  22  2:30  Queen  
  22  2:31  Roach Warren, Queen  
  22  2:32  Drone  
  22  2:33  Drone  
  27  2:46  Drone x2  
  27  2:49  Drone  
  27  2:50  Extractor  
  29  2:52  Drone x2  
  31  3:06  Drone, Overlord  
  32  3:14  Lair  
  32  3:19  Roach  
  34  3:29  Drone  
  34  3:30  Drone  
  34  3:32  Roach  
  38  3:36  Roach  
  38  3:39  Hatchery  
  39  3:47  Roach  
  43  3:48  Roach  
  43  3:49  Overlord  
  43  3:52  Drone  
  44  4:07  Overlord  
  44  4:10  Roach x3  
  44  4:11  Roach  
  52  4:23  Spire  
  51  4:25  Spore Crawler  
  51  4:27  Spore Crawler  
  51  4:30  Drone  
  50  4:32  Drone  
  50  4:35  Drone  
  50  4:37  Drone  
  49  4:55  Drone x3  
  49  4:56  Drone x4  
  49  4:58  Drone  
  57  5:03  Glial Reconstitution  
  57  5:18  Drone x5  
  57  5:19  Drone  
  63  5:26  Drone x2  
  65  5:29  Drone  
  66  5:41  Overlord x2  
  66  5:42  Overlord x2  
  66  5:48  Zerg Flyer Weapons Level 1, Infestation Pit  
  65  5:52  Queen, Spore Crawler  
  66  5:57  Overseer  
  66  5:59  Pneumatized Carapace  
  66  6:02  Extractor x2, Drone x3  
  66  6:03  Drone  
  67  6:16  Mutalisk  
  69  6:23  Drone x3  
  69  6:25  Drone x2  
  74  6:31  Zergling x4  
  76  6:40  Spine Crawler  
  76  6:44  Drone x2  
  76  6:45  Mutalisk  
  79  6:47  Hive  
  79  6:53  Hatchery  
  78  7:24  Spore Crawler  
  78  7:27  Drone  
  78  7:28  Drone x2  
  80  7:31  Mutalisk x2, Spore Crawler, Corruptor x3  
  89  7:39  Overlord x3  
  89  7:40  Drone  
  90  8:00  Evolution Chamber x2  
  88  8:07  Spore Crawler  
  87  8:27  Mutalisk x2  
  87  8:28  Mutalisk x4  
  87  8:30  Drone x7  
  87  8:31  Drone  
  107  8:41  Extractor x2  
  105  8:42  Greater Spire  
  101  8:58  Mutalisk  
  101  8:59  Drone x3  
  101  9:00  Drone  
  104  9:10  Mutalisk x2  
  103  9:18  Drone  
  103  9:19  Drone x2  
  103  9:20  Drone  
  103  9:21  Drone  
  103  9:22  Drone x3  
  111  9:32  Spore Crawler  
  111  9:38  Corruptor x2  
  110  9:40  Drone x4  
  118  9:47  Corruptor  
  120  9:56  Overlord x4  
  120  10:10  Extractor x2  
  120  10:12  Spine Crawler  
  117  10:15  Hatchery  
  117  10:17  Hatchery  
  117  10:20  Hatchery, Brood Lord x3  
  108  10:37  Drone x3  
  108  10:38  Drone x3  
  108  10:39  Brood Lord  
  108  10:40  Brood Lord  
  112  10:51  Mutalisk, Corruptor x2  
  112  10:53  Drone x2  
  112  10:56  Zergling x6  
  123  11:17  Corruptor x2  
  111  11:18  Drone  
  111  11:19  Drone  
  91  11:36  Corruptor x2  
  91  11:40  Brood Lord x2  
  91  11:43  Drone x3  
  91  11:44  Zergling x10  
  91  11:45  Zergling x4  
  91  11:46  Metabolic Boost  
  105  11:53  Drone x5  
  110  11:56  Spine Crawler  
  110  11:58  Spine Crawler x2  
  110  11:59  Spine Crawler x2, Spore Crawler  
  110  12:00  Drone, Spine Crawler  
  104  12:19  Spine Crawler x2  
  94  12:24  Mutalisk  
  94  12:25  Corruptor x2  
  94  12:26  Corruptor  
  101  12:31  Hatchery  
  85  12:46  Hatchery  
  85  12:48  Roach  
  85  12:49  Roach x8  
  102  12:51  Zerg Melee Weapons Level 1  
  102  12:52  Zerg Ground Armor Level 1  
  102  12:55  Baneling Nest  
  101  13:06  Drone x3  
  101  13:08  Brood Lord x2  
  101  13:09  Brood Lord  
  110  13:20  Brood Lord  
  110  13:26  Zerg Flyer Armor Level 1  
  112  13:31  Zergling x4  
  112  13:32  Zergling x14  
  112  13:33  Drone x2  
  123  13:37  Spine Crawler  
  123  13:38  Spore Crawler  
  120  13:53  Corruptor x2  
  120  13:54  Corruptor x2  
  124  13:56  Hatchery  
  123  14:09  Spine Crawler  
  114  14:13  Spine Crawler  
  114  14:14  Spine Crawler, Ultralisk Cavern  
  114  14:17  Spine Crawler  
  93  14:25  Drone x2  
  93  14:26  Drone x4  
  97  14:32  Hydralisk Den  
  97  14:37  Zergling x12  
  83  15:06  Drone x3  
  86  15:10  Ultralisk  
  86  15:14  Hydralisk x3  
  97  15:29  Drone x4  
  100  15:49  Spine Crawler  
  71  16:05  Drone x3  
  70  16:13  Hydralisk Den  
  65  16:21  Roach x2  
  65  16:22  Roach x4  
  71  16:51  Lurker Den  
  64  17:20  Hatchery  
  61  17:27  Hatchery  
  32  17:45  Hydralisk  
  32  17:46  Hydralisk x3  
  32  17:48  Hydralisk  
  32  17:49  Hydralisk  
  44  18:11  Lurker  
  44  18:12  Lurker x3  
  48  18:17  Zerg Missile Weapons Level 1  
  48  18:40  Drone  
  49  19:05  Drone x6  
  55  19:15  Lurker x2  
  55  19:16  Hydralisk x3  
  60  19:26  Drone x2  
  60  19:30  Extractor  
  61  19:34  Drone  
  55  19:53  Drone x3  
  58  20:01  Zerg Ground Armor Level 2  
  58  20:05  Ultralisk Cavern  
  57  20:28  Hydralisk x5  
  57  20:29  Hydralisk  
  57  20:31  Lurker x3  
  57  20:33  Zerg Missile Weapons Level 2  
  57  20:35  Drone  
  73  20:37  Drone  
  65  21:10  Muscular Augments  
  64  21:13  Corruptor  
  65  21:31  Spore Crawler  
  65  21:32  Spore Crawler x2  
  62  21:33  Drone  
  62  21:37  Drone x2  
  65  21:51  Drone x3  
  65  21:53  Drone x2  
Show
View Real Time Build Order
Export as new Build Order

Massa Terran 

Build Orders:  

Get SALT Encoding   

  12  0:00  SCV  
  13  0:18  SCV, Supply Depot  
  14  0:30  SCV  
  15  0:42  SCV  
  16  0:44  Barracks  
  16  0:52  Refinery  
  16  0:54  SCV  
  17  1:06  SCV  
  18  1:19  SCV  
  20  1:36  Command Center  
  20  1:37  Reaper  
  20  1:42  Orbital Command  
  20  2:06  Supply Depot  
  20  2:11  SCV  
  21  2:16  Factory  
  21  2:22  Marine  
  22  2:24  SCV  
  22  2:29  Engineering Bay  
  23  2:36  SCV  
  24  2:48  Barracks Reactor  
  24  2:52  Orbital Command  
  24  2:54  SCV  
  25  3:06  SCV, Factory Tech Lab  
  25  3:11  Barracks  
  26  3:17  Barracks  
  26  3:18  SCV  
  28  3:20  SCV  
  28  3:29  Siege Tank  
  28  3:30  SCV, Marine x2  
  28  3:32  SCV  
  35  3:36  Refinery  
  35  3:43  SCV  
  35  3:44  SCV  
  35  3:48  Marine x2  
  37  3:55  SCV  
  40  3:56  SCV  
  40  4:06  Cyclone  
  40  4:07  SCV  
  40  4:08  SCV  
  40  4:09  Barracks Tech Lab  
  45  4:16  Missile Turret  
  45  4:19  Missile Turret  
  45  4:21  SCV  
  46  4:54  Supply Depot x2  
  46  4:55  Supply Depot x2  
  46  4:59  Command Center  
  46  5:05  Starport  
  46  5:06  SCV  
  46  5:08  SCV  
  45  5:16  Cyclone  
  45  5:17  Barracks Reactor  
  45  5:18  SCV  
  45  5:19  Supply Depot x2  
  45  5:20  SCV, Supply Depot  
  50  5:31  SCV  
  50  5:33  SCV  
  52  5:40  Stimpack  
  52  5:43  SCV  
  52  5:47  Missile Turret  
  53  5:52  Missile Turret  
  53  5:55  Medivac  
  55  6:08  Armory  
  55  6:09  SCV  
  55  6:10  SCV  
  57  6:14  Refinery x2  
  57  6:20  Marine  
  57  6:21  Marine x4  
  62  6:32  SCV x2  
  64  6:38  Marine x3  
  67  6:44  SCV x2  
  67  6:46  Cyclone  
  72  6:49  Marauder, Marine  
  75  6:56  SCV, Marine  
  76  7:07  SCV  
  77  7:08  SCV  
  77  7:10  Marauder  
  77  7:14  Liberator  
  83  7:17  Terran Infantry Weapons Level 1  
  83  7:19  SCV, Combat Shield  
  83  7:20  SCV  
  85  7:24  Orbital Command, Missile Turret  
  85  7:31  SCV, Marauder  
  85  7:32  SCV  
  85  7:35  Missile Turret  
  89  7:40  Siege Tank  
  89  7:43  SCV  
  93  7:45  SCV  
  94  7:52  SCV  
  94  7:55  SCV  
  94  7:56  Marauder, Marine x4  
  94  7:57  Medivac  
  104  8:12  Siege Tank  
  107  8:13  Marine  
  107  8:14  Marine  
  107  8:17  Marauder  
  108  8:31  Marine  
  108  8:32  Marine x3  
  112  8:35  Starport Reactor  
  112  8:39  Marauder  
  114  8:44  Siege Tank  
  117  9:14  Supply Depot  
  117  9:16  Supply Depot  
  117  9:17  Supply Depot  
  117  9:18  Supply Depot  
  117  9:19  Supply Depot  
  117  9:30  Command Center  
  117  9:35  Marine x2, Command Center  
  117  9:36  SCV x2, Barracks, Medivac x2  
  117  9:37  SCV, Marine x2, Supply Depot  
  117  9:38  Barracks, Marauder  
  130  9:40  Supply Depot  
  130  9:41  Barracks, Factory  
  130  9:42  Supply Depot x2  
  130  9:48  SCV  
  131  9:53  Marine  
  131  9:55  Marine  
  131  9:59  Marauder  
  135  10:05  Concussive Shells  
  135  10:06  Medivac x2  
  139  10:20  Marauder  
  103  10:42  Marauder  
  89  10:45  Barracks Reactor, Barracks Tech Lab  
  89  10:46  Barracks Tech Lab, Marine x4  
  93  10:53  Medivac x2  
  93  10:55  Factory Tech Lab  
  93  10:56  Siege Tank  
  100  11:03  Marauder  
  100  11:04  Marine x3  
  94  11:25  Marauder x3, Marine  
  98  11:26  Marine x3  
  98  11:28  Siege Tank  
  103  11:34  Marine x2  
  103  11:36  Siege Tank  
  108  11:40  Orbital Command  
  108  11:42  SCV x3  
  108  11:43  Marine x3  
  108  11:44  Marine  
  108  11:46  Marauder x3  
  121  11:49  Missile Turret  
  121  11:54  SCV x3, Smart Servos  
  122  12:00  Refinery, Siege Tank  
  122  12:01  Refinery, Terran Infantry Weapons Level 2  
  127  12:06  Engineering Bay  
  127  12:07  Marauder x3  
  127  12:08  Terran Vehicle Weapons Level 1, Siege Tank  
  136  12:10  Armory  
  136  12:29  Marauder x3  
  129  12:50  Marauder x2  
  127  13:03  Command Center  
  129  13:05  Marauder  
  129  13:06  Marine x6  
  129  13:11  Marauder x2  
  139  13:20  Medivac x2  
  139  13:23  Marine  
  139  13:24  Marine x5  
  151  13:27  Marauder  
  151  13:33  Terran Infantry Armor Level 1, Marauder x2  
  155  13:34  Terran Vehicle And Ship Armor Level 1  
  155  13:41  Marine  
  155  13:42  Marine x5  
  155  13:48  Marauder  
  160  13:50  Viking x2  
  160  13:54  Marauder x2  
  166  13:59  Marine  
  166  14:00  Marine x5  
  166  14:09  Marauder  
  159  14:16  Marauder x2  
  160  14:17  Marine x3  
  160  14:18  Siege Tank x2  
  158  14:31  Marauder  
  145  14:37  Marauder x2  
  138  14:50  Siege Tank  
  142  14:58  Marauder x2  
  134  15:01  Marine x6  
  124  15:18  Marine  
  124  15:19  Marine x3  
  124  15:20  Marauder  
  115  15:22  Siege Tank  
  118  15:41  Marauder  
  119  15:46  Command Center  
  119  15:48  Medivac  
  119  15:49  Medivac  
  123  15:51  Marine  
  123  15:52  Marine x6  
  124  16:03  Marauder  
  126  16:09  Marine x5  
  126  16:10  Marine x2  
  133  16:18  Medivac x2  
  133  16:23  Terran Infantry Armor Level 2, Terran Infantry Weapons Level 3, Terran Vehicle And Ship Armor Level 2  
  133  16:24  Terran Vehicle Weapons Level 2, Marauder  
  139  16:27  Marine  
  139  16:29  Command Center  
  139  16:31  SCV x2  
  142  16:43  SCV x2  
  142  16:45  Marauder  
  117  16:55  SCV  
  110  17:06  Orbital Command  
  110  17:07  SCV x2, Marauder  
  111  17:19  SCV x2  
  109  17:31  SCV x2  
  109  17:36  Marauder, Marine  
  84  17:37  Marine x6  
  65  17:52  Siege Tank  
  65  17:54  Marine  
  65  17:55  Marine x5  
  65  17:58  Marauder  
  77  18:01  Planetary Fortress  
  77  18:03  SCV x2  
  79  18:11  Barracks Tech Lab  
  79  18:12  Marine  
  79  18:13  Marine x2  
  79  18:16  Refinery  
  79  18:19  Marauder  
  83  18:24  Siege Tank  
  86  18:33  Marine  
  86  18:34  Marauder, Marine x5  
  90  18:36  Command Center  
  90  18:38  Medivac  
  90  18:39  Medivac  
  90  18:40  Marauder  
  100  18:46  SCV x4  
  104  18:53  Marine x6  
  104  18:55  Marauder  
  112  18:56  Siege Tank  
  112  18:58  SCV x3  
  112  19:02  Marauder  
  120  19:05  Refinery  
  120  19:06  Refinery  
  120  19:09  Missile Turret  
  120  19:10  Marine  
  120  19:14  Sensor Tower  
  120  19:16  Marauder  
  123  19:23  Marauder  
  125  19:38  Marauder  
  127  19:45  Marauder, Marine x4  
  130  19:46  Marine x2  
  130  19:48  Terran Infantry Armor Level 3  
  135  19:59  Marauder  
  137  20:03  Marine x2  
  137  20:06  Marauder  
  141  20:08  Medivac x2  
  145  20:21  Marauder  
  147  20:27  Marauder  
  149  20:39  Orbital Command  
  149  20:40  SCV x4  
  153  20:48  Missile Turret  
  153  20:52  SCV x3  
  153  20:56  Missile Turret  
  153  21:14  Viking x2  
  153  21:44  Viking x2  
  102  22:25  SCV x2  
  102  22:26  SCV x2  
Show
View Real Time Build Order
Export as new Build Order

XyLiGAniK Terran - Winner!

Build Orders:  

Get SALT Encoding   

  12  0:01  SCV  
  13  0:17  SCV  
  13  0:19  Supply Depot  
  14  0:30  SCV  
  15  0:42  SCV, Barracks  
  16  0:54  SCV  
  17  0:57  Refinery  
  17  1:06  SCV  
  17  1:11  Refinery  
  18  1:30  SCV  
  18  1:43  SCV  
  19  1:50  Barracks Reactor  
  19  1:51  Engineering Bay  
  19  1:55  SCV  
  20  2:08  SCV, Supply Depot  
  21  2:21  SCV  
  22  2:23  Barracks  
  22  2:26  Marine  
  23  2:30  Marine  
  23  2:33  SCV, Supply Depot  
  25  2:44  Marine, Terran Infantry Weapons Level 1  
  25  2:47  Marine  
  27  2:52  SCV  
  27  2:56  Supply Depot  
  28  3:06  Marine x2  
  28  3:10  Barracks Tech Lab  
  30  3:15  Factory  
  30  3:18  Orbital Command  
  30  3:22  Supply Depot  
  30  3:26  Marine x2  
  32  3:31  Combat Shield  
  32  3:48  Marine x2  
  34  4:01  Factory Tech Lab  
  34  4:13  Command Center  
  34  4:20  Siege Tank  
  37  4:38  Bunker, Marine x2  
  39  4:40  Neosteel Armor  
  39  4:46  SCV  
  39  4:52  Stimpack  
  40  4:58  SCV  
  41  5:19  Missile Turret  
  41  5:29  SCV  
  42  5:36  Orbital Command  
  42  5:37  Refinery  
  42  5:40  Missile Turret  
  42  5:41  SCV  
  42  5:42  Siege Tank  
  46  6:01  Missile Turret  
  46  6:03  Refinery  
  46  6:04  Marine x2  
  48  6:13  Armory  
  48  6:21  Terran Infantry Armor Level 1  
  48  6:22  Missile Turret  
  48  6:26  Starport  
  48  6:27  Marine  
  48  6:28  Marine  
  50  6:50  SCV  
  50  6:52  SCV, Missile Turret  
  52  7:02  SCV  
  52  7:04  SCV  
  54  7:12  Marine x2  
  54  7:14  SCV, Missile Turret  
  54  7:15  Siege Tank  
  60  7:17  Starport Reactor  
  60  7:26  Bunker  
  60  7:32  Terran Vehicle Weapons Level 1  
  60  7:34  Command Center  
  60  7:38  Marine x2  
  62  7:47  Siege Tank  
  62  7:50  Barracks  
  65  7:57  Bunker  
  65  8:04  Marine x2  
  67  8:38  Barracks  
  67  8:39  Barracks Reactor  
  67  8:49  Missile Turret  
  67  8:56  Orbital Command  
  67  8:57  Refinery  
  67  8:59  SCV  
  67  9:01  SCV  
  69  9:11  SCV  
  69  9:13  SCV  
  71  9:22  Refinery  
  71  9:24  Missile Turret  
  71  9:30  SCV  
  72  9:33  Barracks Reactor  
  72  9:41  Terran Vehicle Weapons Level 2  
  72  9:42  SCV  
  73  9:48  Armory  
  73  9:50  Supply Depot  
  73  9:55  SCV  
  74  10:07  SCV  
  75  10:13  Supply Depot  
  75  10:19  SCV  
  75  10:20  Command Center  
  76  10:23  Terran Infantry Weapons Level 2  
  76  10:29  SCV  
  76  10:33  SCV  
  76  10:35  Supply Depot  
  78  10:36  Terran Ship Weapons Level 1  
  78  10:42  SCV  
  79  11:02  Starport, Supply Depot  
  79  11:07  Marine  
  79  11:08  Marine x6  
  86  11:15  Medivac  
  86  11:18  Medivac  
  90  11:24  Supply Depot  
  90  11:25  Marine x4  
  91  11:26  Marine x3  
  97  11:33  Orbital Command  
  97  11:36  Refinery  
  97  11:39  Starport  
  97  11:43  Marine x7  
  104  11:47  Supply Depot  
  104  12:00  Marine  
  105  12:01  Marine x6  
  105  12:03  Refinery  
  111  12:11  Medivac x2  
  115  12:16  SCV  
  115  12:17  Starport  
  115  12:18  Marine  
  115  12:19  Marine x6  
  123  12:28  SCV  
  124  12:36  Marine  
  124  12:37  Marine x6  
  108  12:40  SCV  
  110  12:45  Starport Tech Lab  
  110  12:47  Starport Tech Lab  
  110  12:53  Fusion Core  
  110  12:54  Starport, Terran Vehicle Weapons Level 3, Marine x4  
  110  12:55  Terran Ship Weapons Level 2, Marine x3  
  110  12:57  Terran Infantry Weapons Level 3  
  117  13:01  Supply Depot  
  117  13:09  Starport Tech Lab  
  117  13:12  Marine  
  117  13:14  SCV  
  119  13:24  Supply Depot  
  119  13:26  SCV  
  120  13:31  Starport  
  120  13:43  Starport Tech Lab  
  120  13:52  Supply Depot  
  117  14:10  Starport  
  117  14:15  Supply Depot  
  116  14:19  Starport Tech Lab  
  105  14:37  Supply Depot  
  46  15:15  Starport  
  42  15:44  Starport  
  42  15:51  Weapon Refit  
  42  15:52  Starport  
  42  15:55  Terran Ship Weapons Level 3  
  40  15:57  Terran Vehicle And Ship Armor Level 1  
  38  16:22  Starport  
  38  16:28  Starport  
  38  16:41  Command Center  
  38  16:49  Refinery  
  38  16:55  Refinery  
  38  16:59  Starport  
  38  17:04  Supply Depot  
  38  17:20  Orbital Command  
  38  17:23  Starport Tech Lab  
  38  17:27  Supply Depot  
  38  17:31  Starport Tech Lab  
  38  17:32  Starport Tech Lab  
  38  17:35  Starport Tech Lab x2  
  38  17:39  Starport  
  38  17:41  Starport Tech Lab  
  38  17:50  Supply Depot  
  38  17:57  Orbital Command  
  38  18:18  Supply Depot  
  38  18:19  Starport  
  38  18:26  Battlecruiser x3  
  38  18:27  Battlecruiser x2  
  68  18:28  Starport Tech Lab  
  68  18:41  Supply Depot  
  68  18:46  Command Center  
  68  18:57  Supply Depot  
  68  18:58  Starport  
  68  19:16  Starport Tech Lab  
  68  19:22  Battlecruiser  
  74  19:26  Battlecruiser  
  74  19:30  Battlecruiser x2  
  74  19:31  Battlecruiser x2  
  104  19:50  Starport Tech Lab  
  104  19:51  Battlecruiser  
  110  20:07  Orbital Command  
  110  20:10  Refinery  
  110  20:27  Battlecruiser  
  116  20:31  Battlecruiser  
  116  20:34  Battlecruiser  
  128  20:35  Refinery  
  128  20:40  Battlecruiser  
  128  20:41  Battlecruiser  
  140  21:19  Battlecruiser x2  
  152  21:31  Battlecruiser  
  127  22:24  Command Center  
  127  22:36  Command Center  
Show
View Real Time Build Order
Export as new Build Order

CmeTanKa Terran - Winner!

Build Orders: Gas First Reaper Expand 

Get SALT Encoding   

  12  0:01  SCV  
  13  0:13  SCV  
  14  0:19  Supply Depot  
  14  0:25  SCV  
  15  0:30  Refinery  
  15  0:40  SCV  
  16  0:45  Barracks  
  16  0:52  SCV  
  17  1:05  SCV  
  18  1:17  SCV  
  19  1:32  Reaper, Orbital Command  
  20  1:45  Command Center  
  20  1:57  Factory  
  20  2:00  SCV  
  21  2:07  Refinery  
  21  2:08  Barracks Reactor  
  21  2:12  SCV  
  22  2:17  Supply Depot  
  22  2:24  SCV  
  23  2:38  SCV  
  23  2:43  Starport  
  23  2:50  SCV  
  24  2:53  Barracks Tech Lab  
  24  2:54  Hellion  
  24  2:56  Hellion  
  28  3:01  Orbital Command  
  28  3:06  SCV  
  29  3:16  Hellion  
  29  3:17  Hellion  
  33  3:20  Orbital Command  
  33  3:21  Medivac  
  35  3:28  SCV  
  35  3:30  Barracks Tech Lab  
  36  3:43  Barracks  
  36  3:46  SCV  
  36  3:47  SCV  
  38  3:53  Factory Tech Lab  
  38  3:55  Marine  
  38  3:56  Stimpack  
  38  3:58  SCV  
  38  3:59  SCV  
  38  4:00  Banshee  
  44  4:07  Supply Depot  
  44  4:10  SCV  
  44  4:11  SCV  
  46  4:18  Supply Depot  
  46  4:28  SCV, Marine, Siege Tank  
  46  4:29  SCV  
  52  4:31  Marine  
  52  4:32  Marine  
  54  4:40  SCV  
  55  4:46  Marine  
  55  4:48  SCV  
  55  4:49  Marine  
  58  4:54  Command Center  
  58  4:56  Starport Reactor  
  58  4:57  SCV  
  59  5:00  SCV, Marine  
  59  5:03  Engineering Bay  
  59  5:04  Marine  
  62  5:07  Supply Depot  
  62  5:22  Supply Depot  
  62  5:24  Supply Depot  
  62  5:28  Marine x3  
  62  5:29  SCV x2  
  65  5:41  SCV, Barracks  
  66  5:44  Barracks  
  66  5:45  SCV, Barracks  
  66  5:46  Refinery, Marine  
  66  5:48  Marine  
  66  5:49  Refinery  
  69  5:55  SCV  
  70  5:57  Missile Turret  
  70  5:59  Missile Turret  
  70  6:02  SCV  
  70  6:03  Terran Infantry Weapons Level 1  
  71  6:04  Marine  
  71  6:08  SCV  
  73  6:12  Medivac  
  73  6:15  Medivac  
  77  6:21  SCV x2  
  77  6:22  Marine  
  80  6:28  Missile Turret  
  80  6:32  Marine  
  81  6:34  Barracks Reactor x2, Barracks Tech Lab  
  81  6:38  Engineering Bay  
  81  6:42  Orbital Command  
  81  6:43  Marine  
  81  6:44  Marine  
  83  6:49  SCV  
  83  6:53  Marine x2  
  86  6:56  Missile Turret, Siege Tank  
  86  7:00  SCV  
  88  7:08  SCV x2  
  88  7:11  Marine x4  
  88  7:13  SCV, Marine  
  88  7:14  Marine  
  94  7:16  Terran Infantry Armor Level 1  
  94  7:20  SCV  
  95  7:23  SCV  
  95  7:25  SCV  
  95  7:26  Marine  
  95  7:27  Supply Depot  
  95  7:28  Siege Tank  
  101  7:30  Supply Depot  
  101  7:43  Armory  
  101  7:49  Marine, Medivac  
  101  7:50  Command Center  
  104  7:52  Marine  
  104  7:55  Supply Depot  
  104  7:56  SCV x2, Marine x3, Supply Depot  
  110  7:59  Medivac  
  110  8:00  Siege Tank  
  110  8:01  Marine  
  110  8:02  Combat Shield  
  110  8:03  Marine  
  110  8:05  Concussive Shells  
  117  8:13  Marine, Supply Depot  
  117  8:14  Supply Depot  
  117  8:16  Marine  
  112  8:20  Marine  
  112  8:23  Marine  
  112  8:24  Marauder x2  
  118  8:27  Marine  
  118  8:34  Barracks  
  118  8:37  Barracks  
  118  8:38  Marine  
  118  8:39  Terran Infantry Weapons Level 2  
  119  8:42  Marine  
  119  8:45  Marauder x2  
  124  8:51  Barracks  
  121  8:57  Marine  
  121  8:59  Marine  
  121  9:00  Medivac x2  
  127  9:07  Marauder x2, Marine  
  127  9:08  Marine  
  124  9:19  Marine  
  124  9:21  Barracks Reactor  
  124  9:25  SCV x3  
  124  9:27  Barracks Reactor, Refinery  
  124  9:28  Marauder x2  
  124  9:29  Refinery  
  131  9:35  Terran Infantry Armor Level 2  
  131  9:37  Factory, Marine  
  132  9:39  Barracks Reactor  
  132  9:40  SCV x2  
  134  9:47  SCV  
  134  9:48  Planetary Fortress  
  134  9:49  Marauder x2  
  140  9:52  SCV  
  140  9:53  SCV  
  140  9:56  Marine  
  140  9:58  Marine x4  
  140  9:59  SCV, Medivac x2  
  151  10:01  Siege Tank  
  151  10:05  SCV x2  
  156  10:08  Missile Turret  
  156  10:10  Supply Depot  
  156  10:11  SCV, Marauder  
  159  10:18  Marine  
  159  10:19  Marine  
  147  10:31  Marine  
  147  10:34  Marine  
  147  10:35  Siege Tank  
  145  10:36  Factory Tech Lab  
  137  10:43  Marine  
  137  10:45  Marine  
  137  10:48  Marine  
  137  10:49  Marine x7  
  138  10:54  SCV x2  
  138  10:55  SCV x2  
  141  10:57  Marine  
  141  10:58  Command Center  
  141  10:59  Siege Tank  
  143  11:06  SCV  
  143  11:07  Siege Tank  
  138  11:14  Viking x2  
  138  11:16  Marine  
  138  11:17  Marine  
  138  11:18  Marine  
  138  11:21  Marine  
  138  11:22  Marine  
  135  11:30  Marine x2  
  135  11:31  Marine x5  
  135  11:32  Marine x2  
  139  11:36  Marine  
  139  11:39  Siege Tank  
  144  11:40  SCV x2  
  144  11:43  Starport, Marine x3  
  144  11:44  Refinery, Viking x2  
  144  11:46  Refinery  
  153  11:48  Siege Tank  
  156  11:58  Marine  
  157  12:01  Terran Infantry Weapons Level 3  
  157  12:02  Starport, Terran Infantry Armor Level 3  
  157  12:04  Marine  
  158  12:11  Siege Tank  
  158  12:14  Medivac  
  163  12:17  Marine  
  163  12:20  Marine  
  165  12:23  Marine  
  165  12:24  Marine  
  165  12:25  Marine  
  168  12:30  Siege Tank  
  168  12:32  Marine  
  172  12:39  Viking  
  172  12:42  SCV x3  
  172  12:44  Viking  
  178  12:45  Marine  
  178  12:46  Marine  
  178  12:47  Siege Tank  
  178  12:48  Marine x2  
  178  12:49  Marine x2  
  187  12:51  Marine  
  187  12:55  Marine  
  170  12:58  Marine  
  170  12:59  Marauder x2, Marine x2  
  170  13:02  Siege Tank  
  179  13:11  Marine  
  180  13:15  Terran Vehicle Weapons Level 1  
  180  13:19  Siege Tank  
  183  13:21  Marauder x2  
  183  13:24  Starport Reactor, Supply Depot  
  183  13:25  Supply Depot  
  187  13:29  Starport Reactor  
  187  13:34  Missile Turret  
  187  13:35  Sensor Tower, Missile Turret  
  187  13:45  Marauder x2, Siege Tank  
  187  13:47  Marine  
  190  13:51  Siege Tank  
  190  13:52  Marine  
  190  13:54  Marine x2  
  190  13:55  Missile Turret  
  166  13:56  Marine  
  166  13:57  Missile Turret  
  166  13:59  Marine  
  165  14:02  Marine  
  165  14:03  Viking  
  165  14:04  Viking x2  
  165  14:07  Marauder  
  171  14:14  Marine  
  171  14:16  Planetary Fortress  
  158  14:17  Siege Tank  
  158  14:18  Marine  
  158  14:20  Viking  
  158  14:23  Siege Tank  
  154  14:27  Marine, Viking  
  153  14:32  Marine  
  153  14:34  Marine  
  153  14:37  Viking  
  157  14:49  Siege Tank  
  157  14:53  Viking  
  157  14:54  Marine, Viking  
  162  15:06  Marine  
  163  15:11  Marauder  
  163  15:12  Marauder  
  161  15:16  Siege Tank  
  162  15:28  Viking  
  162  15:29  Viking  
  163  15:37  Viking  
  163  15:59  SCV  
  163  16:04  Siege Tank  
  164  16:05  Viking  
  164  16:06  Marine x2  
  164  16:11  SCV, Marine  
  163  16:21  Marine  
  164  16:35  Supply Depot  
  161  16:46  SCV, Marauder, Marine  
  149  16:48  Viking x2, Siege Tank x2  
  149  16:51  Marine  
  149  16:52  Marine x4  
  149  16:53  Marine  
  148  16:58  SCV  
  135  17:04  Marine  
  135  17:06  Marine  
  135  17:09  Marine  
  135  17:10  SCV, Marauder  
  135  17:15  Command Center  
  139  17:19  Marine  
  139  17:20  Siege Tank  
  139  17:21  Viking  
  141  17:22  SCV  
  139  17:31  Marine  
  129  17:37  Marine  
  116  17:46  Marine  
  113  17:53  SCV  
  114  17:59  Marine  
  114  18:00  Marine x7  
  114  18:03  Marine  
  114  18:05  SCV x2  
  124  18:06  Orbital Command  
  124  18:10  Marine  
  126  18:17  SCV x2, Marine x2  
  126  18:18  Marine  
  131  18:23  Marine x2  
  133  18:27  Marine, Missile Turret, Siege Tank  
  133  18:30  SCV  
  133  18:33  SCV  
  139  18:35  Orbital Command  
  139  18:37  Marine  
  139  18:40  Marine  
  139  18:41  Marine  
  141  18:42  Marine  
  141  18:46  Marine  
  141  18:48  SCV x2  
  146  18:50  Marine  
  147  19:00  Missile Turret  
  147  19:01  SCV  
  147  19:02  Missile Turret  
  148  19:04  Marine  
  148  19:06  Marine, Missile Turret  
  148  19:07  Marine  
  148  19:08  Marine  
  154  19:10  Marauder  
  154  19:17  Marauder, Marine  
  157  19:24  Liberator x2  
  157  19:26  SCV x2  
  167  19:31  Marauder  
  167  19:32  Siege Tank  
  170  19:39  SCV  
  170  19:40  Marine  
  172  19:52  Supply Depot  
  172  19:54  Supply Depot  
  172  19:59  Marine  
  172  20:00  Marine x2  
  172  20:11  Supply Depot  
  172  20:12  Supply Depot  
  172  20:13  SCV, Liberator, Siege Tank  
  179  20:16  Siege Tank  
  182  20:21  Command Center  
  182  20:24  Marauder, Marine  
  182  20:25  Marauder  
  182  20:26  Marine  
  187  20:31  Marine  
  187  20:34  Marine  
  187  20:35  Viking  
  189  20:37  Marine  
  189  20:38  SCV x2, Marine x2  
  189  20:42  Refinery  
  194  20:46  Refinery, Marauder x2, Marine  
  194  20:48  Marine  
  200  21:01  Refinery  
  200  21:03  Refinery  
  200  21:07  Marauder  
  199  21:13  Marine  
  197  21:22  Marauder, Marine  
  190  21:34  Supply Depot  
  190  21:36  Supply Depot  
  182  21:48  Marine  
  182  21:51  Marine  
  182  21:53  Marine x5  
  189  21:56  Marine x2, Medivac x2  
  189  22:01  Marine  
  193  22:02  Marine x2  
  193  22:03  Marine  
  194  22:09  Marine  
  194  22:10  Marine  
  194  22:11  Command Center  
  194  22:13  Marine  
  200  22:15  Siege Tank  
  200  22:31  Marine  
Tags
 
Add a new tag
Caveats
  • Supply blocks, unpowered buildings, or Contaminate may cause inaccurate times.
  • Supply counts are checked every 10 seconds.